 Dungeon Crawl Stone Soup version 0.26-a0-651-gb41185065b (webtiles) character file.

Game seed: 12596895462773622757

(classic levelgen) 4 EnegeticOcto the Sneak (level 1, 0/20 HPs)
             Began as a Deep Dwarf Delver on Oct 23, 2020.
             Was a Believer of Uskayaw.
             Killed from afar by an orc wizard (5 damage)
             ... with a magic dart
             ... on level 6 of the Dungeon.
             The game lasted 00:00:59 (219 turns).

EnegeticOcto the Sneak (Deep Dwarf Delver)           Turns: 219, Time: 00:01:00

Health: 0/20       AC:  3    Str: 15    XL:     1   Next: 50%
Magic:  1/1        EV: 12    Int: 10    God:    Uskayaw [**....]
Gold:   18         SH:  0    Dex: 14    Spells: 0/0 levels left

rFire    . . .     SeeInvis .   j - +1 war axe (flame)
rCold    . . .     Faith    .   (no shield)
rNeg     . . .     Spirit   .   b - +0 leather armour
rPois    .         Reflect  .   (no helmet)
rElec    .         Harm     .   (no cloak)
rCorr    .         Rampage  .   (no gloves)
MR       .....                  (no boots)
Stlth    +++.......             (no amulet)
HPRegen  0.00/turn              (no ring)
MPRegen  0.07/turn              (no ring)

@: non-regenerating
A: damage resistance, heal wounds, sense surroundings 1, no regeneration
a: Heal Wounds, Stomp, Line Pass, Renounce Religion


You were on level 6 of the Dungeon.
You worshipped Uskayaw.
Uskayaw was noncommittal.
You visited 1 branch of the dungeon, and saw 2 of its levels.

You collected 18 gold pieces.

Inventory:

Hand Weapons
 a - a +0 hand axe
 j - a +1 war axe of flaming (weapon)
Armour
 b - a +0 leather armour (worn)
Wands
 g - a wand of digging (3) {@v3}
Scrolls
 c - a scroll of fog
 e - a scroll of fear
 i - a scroll of teleportation {unknown}
Potions
 d - 2 potions of stabbing {unknown}
 f - a potion of haste {@q4}
 h - a potion of resistance {unknown}


   Skills:
 + Level 2.7 Fighting
 * Level 2.4 Axes
 - Level 2.1 Dodging
 - Level 6.0 Stealth
 + Level 0.5 Invocations


You couldn't memorise any spells.
You didn't know any spells.
Your spell library was empty.

Dungeon Overview and Level Annotations

Branches:
Dungeon (6/15)
 Temple: D:4-7

Altars:
Uskayaw

Shops:
D:6 ?


Innate Abilities, Weirdness & Mutations

You are resistant to damage.
You can heal yourself by infusing magical energy.
You passively map a small area around you.
You do not regenerate.


Message History

You climb upwards.
There is a stone staircase leading down here.
Found a hide-covered altar of Uskayaw.
There is a stone staircase leading down here.
You climb downwards.
There is a stone staircase leading up here.
There is a stone staircase leading up here.
You climb upwards.
There is a stone staircase leading down here.
There is a hide-covered altar of Uskayaw here.
You kneel at the altar of Uskayaw.
Uskayaw welcomes you!
There is a stone staircase leading down here.
You climb downwards.
There is a stone staircase leading up here.
You open the door.
There is an entrance to Emniojom's Magic Scroll Shoppe here.
There is a stone staircase leading down here.
d - 2 bubbling red potions
Found a scroll labeled SAEFIC YFAOM.
Found 9 gold pieces.
Found 2 silver javelins.
You now have 9 gold pieces.
i - a scroll labeled SAEFIC YFAOM You open the door.
There is an open door here.
Found 9 gold pieces.
You now have 18 gold pieces (gained 9).
Found a chain mail.
An orc comes into view. It is wielding a -1 dagger.
Found a stone staircase leading down.
An orc comes into view. It is wielding a +0 flail.
The helpless orc fails to defend itself.
You hit the orc.
The orc is lightly wounded.
The orc hits you but does no damage.
You hit the orc but do no damage.
The orc is lightly wounded.
The orc hits you but does no damage.
You closely miss the orc.
The orc is lightly wounded.
The orc shouts!
An orc comes into view. It is wielding a +1 war axe of flaming.
The orc hits you but does no damage.
You closely miss the orc.
The orc is lightly wounded.
The orc completely misses you.
You hit the orc.
The orc is heavily wounded.
You closely miss the orc. The orc closely misses you. x2
You barely miss the orc.
The orc is heavily wounded.
You hit the orc but do no damage.
The orc hits you with a +1 war axe of flaming.
The orc burns you.
You hit the orc but do no damage.
The orc is heavily wounded.
You barely miss the orc. The orc barely misses you. The orc misses you.
Press: ? - help, v - describe, . - travel
Here: an orc, wielding a +1 war axe of flaming The floor.
You hit the orc but do no damage.
The orc is heavily wounded.
You closely miss the orc. You hit the orc.
The orc hits you with a cursed -1 dagger.
The orc hits you but does no damage. The orc closely misses you.
You barely miss the orc.
The orc is heavily wounded.
You barely miss the orc. You hit the orc. The orc hits you but does no damage.
The orc hits you with a +0 flail. The orc barely misses you.
You can now stomp with the beat.
You barely miss the orc.
The orc is heavily wounded.
You hit the orc.
You kill the orc!
You closely miss the orc. The orc hits you but does no damage.
An orc wizard comes into view. It is wielding a +0 dagger.
The orc misses you. The orc barely misses you.
You completely miss the orc.
The orc is heavily wounded.
You hit the orc.
You kill the orc!
The orc barely misses you.
You can now pass through a line of other dancers.
The orc wizard gestures at you while chanting.
The magic dart hits you. The orc hits you but does no damage.
Things that are here:
a +1 war axe of flaming; an orc corpse Your +1 war axe of flaming bursts into flame!
j - a +1 war axe of flaming (weapon)
You closely miss the orc.
The orc is heavily wounded.
You hit the orc wizard. You burn the orc wizard.
The orc wizard casts a spell at you. The magic dart hits you!
* * * LOW HITPOINT WARNING * * *
The orc closely misses you. The orc wizard casts a spell at you.
The magic dart hits you.
You die...

*****#.......##.# #.#
*,,,,,,,,
#######..#.# #.#
*,,,,,,,, *#.#.# #.#
***,,,,,* ##.#.###.#
*,,,,,, #........#
*,,,,,* #..#.#####
*,,,,,* #..[.#
*,,,,,* #.#o.#
*,,,,,* #,#)@#
*,,,,,*
*,##o#*********,,,,,*
*,*#>.,,,,,,,,,******
*,*####*******,* *
*,* *,* * *,* *,* *
*,* ******,* * *,*
*,,,,,,* * *,*
*,****** *


You could see an orc wizard and an orc.

Vanquished Creatures
  2 orcs (D:6)
2 creatures vanquished.

Notes
Turn   | Place    | Note
-------+----------+-------------------------------------------
     0 | D:5      | EnegeticOcto the Deep Dwarf Delver began the quest for the
                  | Orb.
     0 | D:5      | Reached XP level 1. HP: 20/20 MP: 1/1
    37 | D:6      | Found Emniojom's Magic Scroll Shoppe.
    54 | D:5      | Found a hide-covered altar of Uskayaw.
    82 | D:5      | Became a worshipper of Uskayaw the Reveler
   214 | D:6      | Reached * piety under Uskayaw
   215 | D:6      | Noticed an orc wizard
   216 | D:6      | Reached ** piety under Uskayaw
   219 | D:6      | Killed from afar by an orc wizard

Illustrated notes

Levels and vault maps discovered:
D:5:      layout_loops_ring, nicolae_gozag_cash_rules_everything_around_me,
          nicolae_overflow_hidden_temple, old_standard_altar, serial_shops,
          nicolae_shop_overgrown_old_shop, uniq_crazy_yiuf_cottage, uniq_pikel
D:6:      layout_basic, okawaru_trees_2, serial_shops, shop,
          nicolae_shop_crystal

Action                   || total
-------------------------++-------
Melee: Hand axe          ||    11
       War axe           ||     1
  Use: Scroll            ||     1
 Stab: Sleeping          ||     1
Armor: Leather armour    ||     5
Dodge: Dodged            ||    11

Table legend: (Time is in decaauts)
 A = Elapsed time spent in this place.
 B = Non-inter-level travel time spent in this place.
 C = Inter-level travel time spent in this place.
 D = Time resting spent in this place.
 E = Time spent auto-exploring this place.
 F = Levels seen in this place.
 G = Mean time per level.
                   A        B        C        D        E       F      G
               +--------+--------+--------+--------+--------+-----+--------+
         Total |    222 |    222 |      0 |      0 |      0 |   2 |  111.0 |
       Dungeon |    222 |    222 |      0 |      0 |      0 |   2 |  111.0 |
               +--------+--------+--------+--------+--------+-----+--------+

Top non-repeatable levels by time:
     D:6: 189 daAuts
     D:5: 33 daAuts
